 Dungeon Crawl Stone Soup version 0.28.0-53-g5a82cb258f (webtiles) character file.

Game seed: 7356689284589743399

847 safid the Cleaver (level 8, -4/66 HPs)
             Began as a Hill Orc Fighter on May 31, 2022.
             Slain by an ogre
             ... wielding a +0 giant club
              (23 damage)
             ... on level 5 of the Dungeon.
             The game lasted 00:07:24 (3342 turns).

safid the Cleaver (Hill Orc Fighter)                Turns: 3342, Time: 00:07:24

Health: -4/66      AC:  9    Str: 21    XL:     8   Next: 1%
Magic:  8/8        EV:  8    Int:  8    God:
Gold:   255        SH:  8    Dex: 10    Spells: 7/7 levels left

rFire   + . .      SeeInvis .   a - +0 war axe
rCold   . . .      Faith    .   r - +0 kite shield
rNeg    . . .      Spirit   .   b - +0 scale mail
rPois   .          Reflect  .   p - +0 helmet
rElec   .          Harm     .   e - +0 cloak
rCorr   .          Rampage  .   (no gloves)
Will    .....                   (no boots)
Stlth   ..........              s - amulet of regeneration
HPRegen 1.01/turn               d - ring of protection from fire
MPRegen 0.11/turn               (no ring)

@: no status effects
A: no striking features
a: no special abilities


You were on level 5 of the Dungeon.
You visited 1 branch of the dungeon, and saw 5 of its levels.

You collected 255 gold pieces.

Inventory:

Hand Weapons
 a - a +0 war axe (weapon)
Missiles
 h - 6 silver javelins (quivered)
 i - 4 poisoned darts
Armour
 b - a +0 scale mail (worn)
 e - a +0 cloak (worn)
 p - a +0 helmet (worn)
 r - a +0 kite shield (worn)
Jewellery
 d - a ring of protection from fire (left hand)
 n - an amulet of reflection
 s - an amulet of regeneration (around neck)
Scrolls
 f - a scroll of enchant armour {unknown}
 k - a scroll of fog {unknown}
 l - a scroll of vulnerability {unknown}
 m - 2 scrolls of enchant weapon {unknown}
 t - a scroll of identify {unknown}
Potions
 c - 2 potions of might
 g - 2 potions of magic {unknown}
 j - 3 potions of heal wounds {unknown}
 o - a potion of curing {unknown}
 q - a potion of mutation {unknown}
 u - a potion of attraction {unknown}
 v - a potion of brilliance {unknown}


   Skills:
 - Level 4.0 Fighting
 + Level 10.9 Axes
 - Level 4.0 Armour
 - Level 4.0 Shields


You had 7 spell levels left.
You didn't know any spells.
Your spell library contained the following spells:

 Spells                   Type           Power      Damage    Failure   Level
 Conjure Flame            Conj/Fire      0%         6-21      100%        3
 Dazzling Flash           Conj/Hex       0%         N/A       100%        3
 Ignite Poison            Fire/Tmut/Pois 0%         N/A       100%        3
 Leda's Liquefaction      Hex/Erth       0%         N/A       100%        4
 Sticky Flame             Conj/Fire      0%         2d3       100%        4
 Agony                    Necr           0%         N/A       100%        5
 Fireball                 Conj/Fire      0%         3d3       100%        5
 Lee's Rapid Deconstruct  Erth           0%         3d5*      100%        5
 Silence                  Hex/Air        0%         N/A       100%        5
 Starburst                Conj/Fire      0%         6d3       100%        6
 Statue Form              Tmut/Erth      0%         N/A       100%        6
 Ignition                 Fire           0%         3d3       100%        8


Dungeon Overview and Level Annotations

Branches:
Dungeon (5/15)
 Temple: D:4-7

Altars:
Hepliaklqana
Zin


Message History

You hit the gnoll. You block the gnoll's attack.
You slash the gnoll!
You kill the gnoll!
An ogre comes into view. It is wielding a +0 giant club.
The ogre shouts!
You block the necrophage's attack.
Things that are here:
a +0 flail; a +0 halberd; a gnoll corpse You barely miss the necrophage.
The necrophage hits you.
You feel drained.
You slash the necrophage!
The necrophage is severely damaged.
The necrophage hits you but does no damage.
You closely miss the necrophage.
The necrophage is severely damaged.
The necrophage hits you but does no damage.
You hit the necrophage.
The necrophage is severely damaged.
The necrophage hits you.
You feel drained.
You barely miss the necrophage.
The necrophage is severely damaged.
You hit the ogre.
The necrophage hits you but does no damage.
The ogre hits you with a +0 giant club!
You slash the necrophage!
You destroy the necrophage!
You hit the ogre. The ogre hits you with a +0 giant club!
Your life force feels restored.
You have reached level 8!
You slash the ogre!
The ogre is heavily wounded.
The ogre hits you with a +0 giant club!
* * * LOW HITPOINT WARNING * * *
Unknown command.
You hit the ogre.
The ogre is severely wounded.
Unknown command.
You closely miss the ogre.
The ogre is severely wounded.
The ogre hits you with a +0 giant club!!
You die...

.... #.....<....#
...#### ###..#.##..##
....... #....#.##.<.#
....... #.##.#.###..#
....... ####.#.# #..#
.......## ###...# #..#
........# +.##..# #..#
.......)#####..#.(###..#
......†@...........###..
......O.........#..###..
..........).............
................#####...
######...##.##### ####
######.+ #.# #.. ##.


You could see an ogre.

Vanquished Creatures
  Grinder (D:5)
  A phantom (D:4)
  A necrophage (D:5)
  A scorpion (D:5)
  A water moccasin zombie (D:5)
  A hound (D:4)
  A bullfrog skeleton (D:5)
  2 iguanas (D:4)
  A killer bee zombie (D:5)
  A hound skeleton (D:5)
  A howler monkey zombie (D:3)
  9 gnolls
  3 adders
  A white imp (D:5)
  A worm (D:4)
  A dart slug (D:1)
  3 orcs
  9 endoplasms
  4 giant cockroaches
  5 goblins
  9 hobgoblins
  6 jackals
  8 quokkas
  4 ball pythons
  5 bats
  3 frilled lizards (D:1)
  9 kobolds
  2 rats
94 creatures vanquished.

Notes
Turn   | Place    | Note
-------+----------+-------------------------------------------
     0 | D:1      | safid the Hill Orc Fighter began the quest for the Orb.
     0 | D:1      | Reached XP level 1. HP: 19/19 MP: 1/1
    33 | D:1      | Reached XP level 2. HP: 16/27 MP: 2/2
    36 | D:1      | Reached skill level 3 in Axes
   383 | D:1      | Reached XP level 3. HP: 29/33 MP: 3/3
   490 | D:1      | Found a faded altar of an unknown god.
  1221 | D:2      | Reached XP level 4. HP: 40/40 MP: 4/4
  1235 | D:2      | Reached skill level 4 in Axes
  1629 | D:3      | Found a glowing silver altar of Zin.
  1974 | D:3      | Reached skill level 5 in Axes
  1978 | D:3      | Reached XP level 5. HP: 33/46 MP: 5/5
  2144 | D:3      | Found the +4 robe of Augmentation {Str+4 Int+4 Dex+4}
  2348 | D:4      | Reached skill level 6 in Axes
  2716 | D:4      | Noticed a phantom
  2741 | D:4      | Killed a phantom
  2742 | D:4      | Reached skill level 7 in Axes
  2742 | D:4      | Reached XP level 6. HP: 30/52 MP: 6/6
  3076 | D:5      | Entered Level 5 of the Dungeon
  3093 | D:5      | Noticed Grinder
  3111 | D:5      | Killed Grinder
  3112 | D:5      | Reached skill level 9 in Axes
  3112 | D:5      | Reached XP level 7. HP: 59/59 MP: 7/7
  3175 | D:5      | Reached skill level 10 in Axes
  3201 | D:5      | Found a hazy altar of Hepliaklqana.
  3340 | D:5      | Reached XP level 8. HP: 24/66 MP: 8/8
  3342 | D:5      | Slain by an ogre

Illustrated notes

Levels and vault maps discovered:
D:1:      dpeg_arrival_simpleton_c, layout_rooms,
          chequers_ecumenical_altar_simple_redux, minmay_misc_feat_x
D:2:      layout_rooms
D:3:      layout_loops_ring, zin_academy
D:4:      layout_basic
D:5:      layout_rooms, mainiacjoe_overflow_surrounded_room,
          nicolae_hepliaklqana_hazy_memory, kennysheep_nondescript, uniq_grinder

Skill      XL: |  1  2  3  4  5  6  7 |
---------------+----------------------+-----
Axes           | 3 5 7 9 10 | 10.9
Fighting       | 4 |  4.0
Armour         | 4 |  4.0
Shields        | 4 |  4.0

Action                   |  1- 3 |  4- 6 |  7- 9 || total
-------------------------+-------+-------+-------++-------
Melee: War axe           |   129 |   135 |    49 ||   313
Throw: Javelin           |       |     5 |     2 ||     7
Armor: Scale mail        |    63 |    49 |    14 ||   126
Dodge: Dodged            |    59 |    44 |    14 ||   117
Block: Buckler           |    37 |    19 |       ||    56
       Kite shield       |       |    21 |    21 ||    42
